[Event "Titled Tuesday Blitz April 18 Late 2023"]
[White "Krishnan, Varun"]
[Black "Bluebaum, Matthias"]
[WhiteFideId "5054508"]
[BlackFideId "24651516"]
[WhiteElo "2606"]
[BlackElo "2638"]
[Result "0-1"]
[Round "04"]
[TimeControl "180+2"]
[Date "2023.04.18"]
[WhiteClock "0:00:34"]
[BlackClock "0:02:10"]

1. e4 e6 2. d4 d5 3. Nc3 Nf6 4. e5 Nfd7 5. f4 c5 6. Nf3 Nc6 7. Be3 a6 8. Qd2 b5 9. a3 Qa5 10. Be2 b4 11. Nd1 Rb8 12. O-O bxa3 13. Qxa5 Nxa5 14. b3 Nc6 15. dxc5 Nb4 16. Nd4 Bxc5 17. Rc1 a2 18. Nf2 a1=Q 19. Rxa1 Bxd4 20. Bxd4 Nxc2 21. Rad1 Nxd4 22. Rxd4 Rxb3 23. Ra4 O-O 24. Rc1 Nb6 25. Ra5 Bb7 26. Nd3 Nc4 27. Ra4 Rc8 28. g4 h6 29. f5 a5 30. h4 Bc6 31. Raa1 a4 32. Nc5 Re3 33. Bxc4 dxc4 34. Rxc4 Bd5 35. Rcc1 a3 36. Rc2 a2 37. fxe6 fxe6 38. Kf2 Rf3+ 39. Ke2 Rcf8 40. Kd2 Rf1 41. Rcc1 Rxc1 42. Kxc1 Rc8 43. Kb2 Rxc5 44. g5 Rb5+ 45. Ka3 Rb1 46. Rxa2 Bxa2 47. Kxa2 Rb5 48. g6 h5 49. Ka3 Rxe5 50. Ka4 Rd5 51. Kb4 Kf8 52. Kc4 Ke7 53. Kc3 Kf6 54. Kc4 Kxg6 55. Kc3 Kf5 56. Kc4 Kg4 57. Kc3 Kxh4 58. Kc4 Kg4 59. Kc3 Kg5 60. Kc4 Kg6 61. Kc3 Kh6 62. Kc4 Kh7 63. Kc3 Kh8 64. Kc4 Kg8 65. Kc3 g6 66. Kc4 g5 67. Kc3 g4 68. Kc4 g3 69. Kc3 h4 70. Kc4 h3 71. Kc3 h2 72. Kc4 g2 73. Kc3 Kf7 74. Kc4 Ke7 75. Kc3 Kd6 76. Kc4 e5 77. Kc3 e4 78. Kc4 e3 79. Kc3 e2 80. Kc4 h1=Q 81. Kc3 g1=Q 82. Kc4 e1=Q 83. Kb3 Qb1+ 84. Kc4 Qgf1+ 85. Kc3 Qh8# 0-1


[Site "https://www.chess.com"]

[Event "Titled Tuesday Blitz April 18 Late 2023"]
[White "Andreikin, Dmitry"]
[Black "cryptoguru02"]
[WhiteFideId "4158814"]
[WhiteElo "2736"]
[BlackElo "2604"]
[Result "1-0"]
[Round "04"]
[TimeControl "180+2"]
[Date "2023.04.18"]
[WhiteClock "0:01:05"]
[BlackClock "0:00:02"]

1. e4 e5 2. Nf3 Nc6 3. Bb5 a6 4. Ba4 g6 5. c3 Bg7 6. d4 exd4 7. cxd4 b5 8. Bc2 d6 9. d5 Na5 10. Bd2 Bxb2 11. Bxa5 Bxa1 12. Nc3 Bb2 13. Qb1 Ba3 14. O-O Nf6 15. Qb3 Bc5 16. e5 dxe5 17. Nxe5 O-O 18. h3 Bb7 19. Rd1 Bd6 20. Nf3 Re8 21. a4 Qd7 22. Bd3 b4 23. Bxb4 Bxb4 24. Qxb4 Bxd5 25. Nxd5 Nxd5 26. Qh4 Qe7 27. Ng5 Nf6 28. Bc4 Rf8 29. Nxh7 Kg7 30. Nxf8 Rxf8 31. Qd4 Re8 32. Bxa6 Qe5 33. Qxe5 Rxe5 34. Bb5 Nd5 35. Rc1 Kf6 36. g3 Re4 37. Bc6 Rd4 38. Bxd5 Rxd5 39. Rc6+ Ke5 40. Rxc7 f5 41. Rc2 Rd1+ 42. Kg2 Ra1 43. Rc5+ Kf6 44. Rc6+ Kg5 45. h4+ Kh5 46. Rc4 g5 47. hxg5 Kxg5 48. Rf4 Ra3 49. Kf1 Kg6 50. Ke2 Kf6 51. Kd2 Ke5 52. Kc2 Kd6 53. Kb2 Rd3 54. Rxf5 Kc6 55. g4 Rd4 56. f3 Rxa4 57. Kc3 Kd6 58. Kd3 Ke6 59. Ke3 Ra2 60. Kf4 Ra7 61. Re5+ Kf6 62. g5+ Kg6 63. Re6+ Kf7 64. Kf5 Ra5+ 65. Re5 Ra1 66. f4 Ra7 67. g6+ Kg7 68. Kg5 Rb7 69. f5 Kf8 70. f6 Rb8 71. g7+ Kg8 72. Kg6 1-0


[Site "https://www.chess.com"]

[Event "Titled Tuesday Blitz April 18 Late 2023"]
[White "Sokolovsky, Yahli"]
[Black "Sadhwani, Raunak"]
[WhiteFideId "2820242"]
[BlackFideId "35093487"]
[WhiteElo "2316"]
[BlackElo "2631"]
[Result "0-1"]
[Round "04"]
[TimeControl "180+2"]
[Date "2023.04.18"]
[WhiteClock "0:00:03"]
[BlackClock "0:00:17"]

1. b3 e5 2. Bb2 Nc6 3. e3 Nf6 4. Nf3 Qe7 5. Be2 d6 6. d4 Bg4 7. d5 Nb8 8. c4 g6 9. Nc3 Bg7 10. Nd2 Bxe2 11. Qxe2 O-O 12. O-O a5 13. a3 Na6 14. Na2 Nc5 15. Nc3 Na6 16. Na2 Nd7 17. b4 f5 18. f3 h5 19. Nb3 axb4 20. axb4 g5 21. Bc3 g4 22. fxg4 hxg4 23. e4 Qg5 24. exf5 Rxf5 25. Nd2 Nf6 26. Rxf5 Qxf5 27. Nc1 Re8 28. Ncb3 Qg6 29. b5 Nb8 30. Re1 Nbd7 31. Nf1 Nh5 32. g3 Nhf6 33. Ne3 Ra8 34. Na5 Nc5 35. Bb4 Nd3 36. Qc2 Kh7 37. Bc3 Nxe1 38. Qxg6+ Kxg6 39. Bxe1 b6 40. Nc6 Ra1 41. Kf2 Ra2+ 42. Kg1 Bh6 43. Ne7+ Kh7 44. N3f5 Ne4 45. Kf1 Bg5 46. Kg1 Ra1 47. Kf1 Bd2 48. Ke2 Rxe1+ 49. Kd3 Bg5 0-1


[Site "https://www.chess.com"]

[Event "Titled Tuesday Blitz April 18 Late 2023"]
[White "Pinheiro, Iung Alicio de O."]
[Black "Gupta, Abhijeet"]
[WhiteFideId "2104350"]
[BlackFideId "5010608"]
[WhiteElo "2283"]
[BlackElo "2528"]
[Result "1-0"]
[Round "04"]
[TimeControl "180+2"]
[Date "2023.04.18"]
[WhiteClock "0:00:13"]
[BlackClock "0:00:03"]

1. e4 c5 2. Nf3 d6 3. Nc3 Nf6 4. e5 dxe5 5. Nxe5 Nbd7 6. Bb5 a6 7. Bxd7+ Nxd7 8. Nf3 b5 9. d3 Bb7 10. O-O e6 11. a4 b4 12. Nb1 Be7 13. a5 O-O 14. Nbd2 Qc7 15. Nc4 Rae8 16. Re1 Bf6 17. Qe2 e5 18. Nfd2 Be7 19. c3 f5 20. cxb4 cxb4 21. f3 Bh4 22. Rf1 Nc5 23. Nb6 e4 24. dxe4 fxe4 25. Qc4+ Kh8 26. Nxe4 Nxe4 27. Qxc7 Re7 28. Qc4 Bf6 29. fxe4 Rxe4 30. Qc5 Bd4+ 31. Qxd4 Rxf1+ 32. Kxf1 Rxd4 33. Be3 Rd3 34. Ke2 Rb3 35. Bd4 h6 36. g3 Be4 37. Re1 Rd3 38. Be3 Rb3 39. Bc1 Bd3+ 40. Kf2 Kg8 41. Re3 Kf7 42. Ke1 1-0


[Site "https://www.chess.com"]

[Event "Titled Tuesday Blitz April 18 Late 2023"]
[White "Paravyan, David"]
[Black "Vlassov, Nikolai"]
[WhiteFideId "4194985"]
[BlackFideId "4103360"]
[WhiteElo "2563"]
[BlackElo "2324"]
[Result "1-0"]
[Round "04"]
[TimeControl "180+2"]
[Date "2023.04.18"]
[WhiteClock "0:01:31"]
[BlackClock "0:00:02"]

1. d4 Nf6 2. c4 Nc6 3. h4 e5 4. d5 Ne7 5. Nc3 Neg8 6. e4 Bc5 7. Rh3 d6 8. Rg3 g6 9. Be2 c6 10. Be3 Bxe3 11. Rxe3 cxd5 12. cxd5 h5 13. Nh3 Ng4 14. Bxg4 hxg4 15. Ng1 Rxh4 16. Qa4+ Bd7 17. Qb4 Qc7 18. O-O-O a5 19. Qb3 b5 20. Kb1 b4 21. Nce2 f5 22. Rc1 Qb6 23. exf5 gxf5 24. Nf4 Ne7 25. Ne6 Bxe6 26. dxe6 a4 27. Qd1 a3 28. bxa3 Rxa3 29. Ne2 f4 30. Rb3 Rh2 31. Nc3 Rxg2 32. Nd5 Qd4 33. Rxb4 Qxd1 34. Rb8+ Nc8 35. Rxc8# 1-0


[Site "https://www.chess.com"]

[Event "Titled Tuesday Blitz April 18 Late 2023"]
[White "Ozates, Tuna"]
[Black "Kamsky, Gata"]
[WhiteFideId "6354521"]
[BlackFideId "2000024"]
[WhiteElo "2151"]
[BlackElo "2660"]
[Result "1-0"]
[Round "04"]
[TimeControl "180+2"]
[Date "2023.04.18"]
[WhiteClock "0:00:09"]
[BlackClock "0:00:30"]

1. e4 c5 2. Nf3 e6 3. d4 cxd4 4. Nxd4 a6 5. c4 Nf6 6. Nc3 Qc7 7. a3 b6 8. Be2 Bb7 9. f3 h5 10. Be3 Nc6 11. O-O Bd6 12. h3 Bh2+ 13. Kh1 Bf4 14. Qd2 g5 15. Rac1 Bxe3 16. Qxe3 Qf4 17. Qf2 h4 18. Bd3 Nh5 19. Nce2 Qe5 20. Nxc6 Bxc6 21. b4 Ng3+ 22. Nxg3 hxg3 23. Qxb6 Qb2 24. Rc2 Qxa3 25. Qd4 Ke7 26. c5 Rab8 27. Qd6+ Kf6 28. f4 g4 29. Qe5+ Ke7 30. Qd6+ Kf6 31. f5 Kg7 32. fxe6 Rbf8 33. e7 f6 34. exf8=Q+ Rxf8 35. Qxg3 Qxb4 36. Qxg4+ Kf7 37. Rcf2 Ke7 38. Rxf6 Rxf6 39. Qg7+ Kd8 40. Qxf6+ Kc7 41. Qd6+ Kb7 42. Rb1 1-0


[Site "https://www.chess.com"]

[Event "Titled Tuesday Blitz April 18 Late 2023"]
[White "Vovk, Orest"]
[Black "Anton Guijarro, David"]
[WhiteFideId "14113490"]
[BlackFideId "2285525"]
[WhiteElo "2215"]
[BlackElo "2618"]
[Result "0-1"]
[Round "04"]
[TimeControl "180+2"]
[Date "2023.04.18"]
[WhiteClock "0:00:01"]
[BlackClock "0:00:18"]

1. h4 d5 2. h5 e5 3. h6 Nxh6 4. d4 e4 5. Bxh6 gxh6 6. e3 c6 7. c4 Nd7 8. Nc3 Nf6 9. Qb3 a6 10. cxd5 cxd5 11. Nge2 b5 12. Nf4 Be6 13. Nxe6 fxe6 14. Be2 Bg7 15. Bh5+ Ke7 16. Ne2 Qa5+ 17. Qc3 Qxc3+ 18. bxc3 Rhc8 19. Kd2 Rf8 20. Nf4 Nd7 21. a4 bxa4 22. Rxa4 Nb6 23. Ra2 a5 24. Be2 Rfb8 25. Kc2 Kd6 26. Rb1 Bf6 27. Rab2 Bd8 28. c4 dxc4 29. Bxc4 a4 30. Bxe6 a3 31. Ra2 Bg5 32. Bb3 Bxf4 33. exf4 Ra5 34. Rba1 Rba8 35. g4 Nd5 36. Bxd5 Kxd5 37. Kb3 Rf8 38. Rxa3 Rxa3+ 39. Rxa3 Rxf4 40. Ra5+ Kxd4 41. Rh5 Rxf2 42. Rxh6 Rf7 43. Kc2 Ke3 44. g5 Rd7 45. Rh3+ Kf2 0-1


[Site "https://www.chess.com"]

[Event "Titled Tuesday Blitz April 18 Late 2023"]
[White "Suleymanli, Aydin"]
[Black "Rosen, Eric"]
[WhiteFideId "13413937"]
[BlackFideId "2032562"]
[WhiteElo "2559"]
[BlackElo "2331"]
[Result "1-0"]
[Round "04"]
[TimeControl "180+2"]
[Date "2023.04.18"]
[WhiteClock "0:00:10"]
[BlackClock "0:00:03"]

1. d4 d5 2. c4 e6 3. Nc3 Nf6 4. cxd5 exd5 5. Bg5 c6 6. e3 Bd6 7. Bd3 h6 8. Bh4 O-O 9. Nge2 Re8 10. h3 a5 11. O-O Na6 12. a3 Nc7 13. Bg3 Bxg3 14. Nxg3 Be6 15. b4 b5 16. Qd2 axb4 17. axb4 Qd6 18. Nce2 Rxa1 19. Rxa1 Ra8 20. Rxa8+ Nxa8 21. Nc1 Nb6 22. Nb3 Qf8 23. Nc5 Qa8 24. Ne2 Ne8 25. Nc1 Nd6 26. N1b3 Qa3 27. Na5 Nbc4 28. Qe1 Nxa5 29. bxa5 b4 30. a6 Bc8 31. Kh2 g6 32. f3 b3 33. Qg3 b2 34. Qxd6 Bf5 35. Bxf5 gxf5 36. Qb8+ Kg7 37. a7 f4 38. a8=Q Qxa8 39. Qxa8 b1=Q 40. Qe8 Qc1 41. Qe5+ Kg8 42. Qxf4 h5 43. Nd7 f5 44. Nf6+ Kf7 45. Nxh5 c5 46. Ng3 cxd4 47. Qxf5+ Ke7 48. Qe5+ Kd7 49. Qxd5+ Kc8 50. Qxd4 Qc7 51. f4 Kb7 52. f5 Qb6 53. Qxb6+ Ka8 54. Qd8+ 1-0


[Site "https://www.chess.com"]

[Event "Titled Tuesday Blitz April 18 Late 2023"]
[White "MKlose11"]
[Black "Rustemov, Alexander"]
[BlackFideId "4119002"]
[WhiteElo "2577"]
[BlackElo "2857"]
[Result "0-1"]
[Round "04"]
[TimeControl "180+2"]
[Date "2023.04.18"]
[WhiteClock "0:00:12"]
[BlackClock "0:00:54"]

1. e4 e6 2. Nf3 d5 3. e5 c5 4. b4 cxb4 5. a3 Qa5 6. d4 Bd7 7. Bd3 Bb5 8. O-O Bxd3 9. Qxd3 Nc6 10. Bd2 Rc8 11. c4 Qa6 12. Rc1 Nge7 13. Qb3 dxc4 14. Rxc4 Nd5 15. Ra2 bxa3 16. Nxa3 Bxa3 17. Rxa3 Qb6 18. Qc2 h6 19. Rb3 Qa6 20. Rb1 O-O 21. Ra4 Nxd4 22. Qxc8 Nxf3+ 23. gxf3 Rxc8 24. Rxa6 bxa6 25. Rb7 Rc7 26. Rb8+ Kh7 27. Ra8 Kg6 28. Kg2 Kf5 29. Kg3 h5 30. h4 Kxe5 31. Ba5 Rb7 32. Rg8 g6 33. Rc8 Kf5 34. Bd2 f6 35. Ra8 e5 36. Rc8 Nf4 37. Ra8 Rb2 38. Be3 Ne2+ 39. Kg2 Nd4 40. Rxa7 Ra2 41. Rd7 Ne6 42. Ra7 a5 43. Kg3 a4 44. Ra5 Ra1 45. f4 a3 46. fxe5 fxe5 47. Bd2 Nd4 48. Bc3 Ne2+ 49. Kg2 Nxc3 0-1


[Site "https://www.chess.com"]

[Event "Titled Tuesday Blitz April 18 Late 2023"]
[White "Fier, Alexandr"]
[Black "Perske, Thore"]
[WhiteFideId "2107139"]
[BlackFideId "12902195"]
[WhiteElo "2610"]
[BlackElo "2336"]
[Result "1-0"]
[Round "04"]
[TimeControl "180+2"]
[Date "2023.04.18"]
[WhiteClock "0:01:36"]
[BlackClock "0:00:09"]

1. d4 d5 2. Bg5 h6 3. Bd2 Bf5 4. c4 c6 5. Nc3 e6 6. e3 Nf6 7. Nf3 Nbd7 8. Be2 Bd6 9. O-O O-O 10. a3 Re8 11. Rc1 Qe7 12. Qb3 Rab8 13. Rfd1 a6 14. Be1 dxc4 15. Bxc4 b5 16. Bf1 c5 17. dxc5 Nxc5 18. Qa2 e5 19. Nd5 Nxd5 20. Qxd5 Rbd8 21. b4 Be4 22. Qa2 Ne6 23. Nd2 Bb7 24. Nb3 Ng5 25. f3 Qf6 26. e4 Ne6 27. Na5 Ba8 28. Bf2 Nf4 29. Nc6 Rc8 30. Na5 Rxc1 31. Rxc1 Nh3+ 32. Kh1 Nxf2+ 33. Qxf2 Rd8 34. Qa7 Be7 35. Be2 Qd6 36. h3 Bg5 37. Rd1 Qxd1+ 38. Bxd1 Rxd1+ 39. Kh2 Bf4+ 40. g3 Rd2+ 41. Kg1 Bxg3 42. Qxa8+ Kh7 43. Qc8 Bf2+ 44. Kf1 Bd4 45. Nc6 Rf2+ 46. Ke1 Rxf3 47. Ne7 Rxa3 48. Qg8# 1-0


[Site "https://www.chess.com"]

[Event "Titled Tuesday Blitz April 18 Late 2023"]
[White "Melikyan, Gnel"]
[Black "Kushko, Dmitriy"]
[WhiteFideId "54109990"]
[BlackFideId "14162261"]
[WhiteElo "2138"]
[BlackElo "2230"]
[Result "0-1"]
[Round "04"]
[TimeControl "180+2"]
[Date "2023.04.18"]
[WhiteClock "0:00:15"]
[BlackClock "0:01:00"]

1. d4 g6 2. c4 Bg7 3. Nc3 d6 4. Nf3 e5 5. dxe5 dxe5 6. Qxd8+ Kxd8 7. g3 Be6 8. Nd2 c6 9. Bg2 f5 10. b3 Nd7 11. Bb2 Nh6 12. O-O-O Nf7 13. Kc2 Rc8 14. e3 Ke7 15. Ba3+ Kd8 16. h4 Kc7 17. h5 Nf6 18. hxg6 hxg6 19. Rxh8 Rxh8 20. Rh1 Rxh1 21. Bxh1 Ng4 22. Nd1 e4 23. f3 exf3 24. Nxf3 b6 25. Bg2 c5 26. Nh4 g5 27. Nf3 Bf6 28. Bc1 Nd6 29. Nd2 Be5 30. e4 Bxg3 31. exf5 Bxf5+ 32. Kb2 Be5+ 33. Nc3 Ne3 34. Bh1 Nd1+ 0-1


[Site "https://www.chess.com"]

[Event "Titled Tuesday Blitz April 18 Late 2023"]
[White "Osmak, Yuliia"]
[Black "Beerdsen, Thomas"]
[WhiteFideId "14101602"]
[BlackFideId "1030108"]
[WhiteElo "2291"]
[BlackElo "2547"]
[Result "0-1"]
[Round "04"]
[TimeControl "180+2"]
[Date "2023.04.18"]
[WhiteClock "0:00:16"]
[BlackClock "0:01:46"]

1. e4 e5 2. Nf3 Nc6 3. Bb5 f5 4. d3 fxe4 5. dxe4 Nf6 6. O-O d6 7. Qd3 Be7 8. Qc4 Qd7 9. Nc3 a6 10. Bxc6 Qxc6 11. Qxc6+ bxc6 12. Nd2 g5 13. Nc4 Be6 14. Na5 Kd7 15. Bxg5 Rab8 16. Bxf6 Bxf6 17. b3 Rhg8 18. Kh1 Rg6 19. f3 Rbg8 20. Rf2 h5 21. Rd1 Bg5 22. Na4 Be3 23. Re2 Bd4 24. c3 Ba7 25. c4 h4 26. h3 Bd4 27. c5 Rg3 28. Rc1 d5 29. exd5 Bxd5 30. Nc4 Rxh3+ 31. gxh3 Bxf3+ 32. Kh2 Bxe2 33. Re1 Bf3 34. Ne3 Bxe3 35. Rxe3 e4 36. Rc3 Rg2+ 37. Kh1 Ke6 38. b4 Rxa2+ 39. Kg1 Rxa4 0-1


[Site "https://www.chess.com"]

[Event "Titled Tuesday Blitz April 18 Late 2023"]
[White "Llorente Zaro, Alfonso"]
[Black "Omranalhosani21"]
[WhiteFideId "2254131"]
[WhiteElo "2485"]
[BlackElo "2565"]
[Result "1-0"]
[Round "04"]
[TimeControl "180+2"]
[Date "2023.04.18"]
[WhiteClock "0:00:02"]
[BlackClock "0:00:06"]

1. e4 c6 2. Nf3 d5 3. d3 Nd7 4. g3 e5 5. Bg2 Ngf6 6. Qe2 Bd6 7. O-O O-O 8. b3 Re8 9. Nbd2 Nf8 10. Bb2 Ng6 11. h3 h6 12. a3 a5 13. c4 d4 14. Ne1 Be6 15. Nc2 Qd7 16. b4 Bxh3 17. c5 Bc7 18. Nc4 h5 19. Kh2 Be6 20. Nd2 h4 21. Nf3 h3 22. Bh1 Ng4+ 23. Kg1 f6 24. Nh2 Nxh2 25. Kxh2 b6 26. cxb6 Bxb6 27. Bf3 c5 28. Bh5 Bf7 29. bxc5 Bxc5 30. a4 Reb8 31. Ba3 Rc8 32. Qg4 Nf8 33. Bxf7+ Kxf7 34. Qh5+ Kg8 35. Bxc5 Rxc5 36. Ne1 Rac8 37. Nf3 Rc3 38. Rfd1 Rb8 39. Nh4 Rb2 40. Qf3 Ne6 41. Qf5 Nc5 42. Qf3 Rbb3 43. Rab1 Nxa4 44. Rxb3 Rxb3 45. Ra1 Rb2 46. Nf5 g6 47. Qg4 Kf8 48. Qxg6 Rb6 49. Rxa4 1-0


[Site "https://www.chess.com"]

[Event "Titled Tuesday Blitz April 18 Late 2023"]
[White "Blomqvist, Erik"]
[Black "Flores, Diego"]
[WhiteFideId "1709437"]
[BlackFideId "108049"]
[WhiteElo "2436"]
[BlackElo "2613"]
[Result "0-1"]
[Round "04"]
[TimeControl "180+2"]
[Date "2023.04.18"]
[WhiteClock "0:00:04"]
[BlackClock "0:00:08"]

1. Nf3 c5 2. e4 e6 3. c3 d5 4. exd5 exd5 5. d4 Nc6 6. Bb5 Bd6 7. dxc5 Bxc5 8. O-O Ne7 9. Nbd2 O-O 10. Nb3 Bb6 11. Re1 Bg4 12. Be3 Bxe3 13. Rxe3 Nf5 14. Re1 Qb6 15. Qxd5 Rad8 16. Qc5 Qxc5 17. Nxc5 Bxf3 18. gxf3 Nh4 19. Re3 Ne5 20. f4 Neg6 21. Nxb7 Rd2 22. b4 Nxf4 23. a4 g5 24. a5 g4 25. Bc6 Nh3+ 26. Rxh3 gxh3 27. b5 Rc8 28. Kf1 Rc2 29. Ra3 a6 30. Ra4 Ng2 0-1


[Site "https://www.chess.com"]

[Event "Titled Tuesday Blitz April 18 Late 2023"]
[White "Holt, Conrad"]
[Black "Bayramov, Zaur"]
[WhiteFideId "2034387"]
[BlackFideId "13405080"]
[WhiteElo "2592"]
[BlackElo "2195"]
[Result "1-0"]
[Round "04"]
[TimeControl "180+2"]
[Date "2023.04.18"]
[WhiteClock "0:02:47"]
[BlackClock "0:01:59"]

1. d4 Nf6 2. c4 c5 3. d5 e6 4. Nc3 exd5 5. cxd5 d6 6. e4 g6 7. h3 Bg7 8. Nf3 O-O 9. Bd3 b5 10. Bxb5 Nxe4 11. Nxe4 Qa5+ 12. Nfd2 Qxb5 13. Nxd6 Qd3 14. N2c4 Qxd1+ 15. Kxd1 Ba6 16. Kc2 Nd7 17. Rd1 Nb6 18. Na5 Rfd8 19. Bf4 Bf8 20. Ne4 Bg7 21. Nc6 Rd7 22. Nxc5 1-0


[Site "https://www.chess.com"]

[Event "Titled Tuesday Blitz April 18 Late 2023"]
[White "Ashraf, Artin"]
[Black "Zarnicki, Pablo"]
[WhiteFideId "22514805"]
[BlackFideId "100137"]
[WhiteElo "2188"]
[BlackElo "2468"]
[Result "1-0"]
[Round "04"]
[TimeControl "180+2"]
[Date "2023.04.18"]
[WhiteClock "0:00:05"]
[BlackClock "0:00:41"]

1. e4 e5 2. Nf3 Nf6 3. Nc3 Nc6 4. Bb5 Bc5 5. O-O Nd4 6. Nxe5 O-O 7. Be2 Re8 8. Nd3 Bb6 9. Bf3 d6 10. Nf4 Bd7 11. d3 h6 12. Be3 Nxf3+ 13. Qxf3 Ba5 14. Qg3 Ng4 15. Bd2 Qg5 16. Rad1 Qe5 17. h3 Nf6 18. Ncd5 Bxd2 19. Rxd2 Nxd5 20. Nxd5 Qxg3 21. fxg3 Rac8 22. Rdf2 Be6 23. Nc3 c6 24. d4 Kf8 25. g4 d5 26. e5 Ke7 27. Ne2 g5 28. c3 b6 29. Ng3 c5 30. Nf5+ Bxf5 31. Rxf5 cxd4 32. Rxf7+ Ke6 33. cxd4 Re7 34. R1f6+ Kd7 35. Rd6+ Ke8 36. Rxe7+ Kxe7 37. Rxh6 Rc2 38. Rh7+ Ke6 39. Rxa7 Rd2 40. Rg7 Rxd4 41. Rxg5 Rd2 42. Rg6+ Kxe5 43. Rxb6 d4 44. a4 Kf4 45. Kh2 d3 46. a5 Rd1 47. a6 Ra1 48. Rd6 Ke3 49. b4 d2 50. b5 Ke2 51. g5 d1=Q 52. Rxd1 Kxd1 53. g6 Ra5 54. g7 Rxb5 55. g8=Q Rb2 56. Qg4+ Ke1 57. a7 Kf1 58. a8=Q Re2 59. Qa6 Kf2 60. Qaxe2# 1-0


[Site "https://www.chess.com"]

[Event "Titled Tuesday Blitz April 18 Late 2023"]
[White "Gaehwiler, Gabriel"]
[Black "Ahn, Hongjin"]
[WhiteFideId "1314530"]
[BlackFideId "13201492"]
[WhiteElo "2437"]
[BlackElo "2182"]
[Result "1-0"]
[Round "04"]
[TimeControl "180+2"]
[Date "2023.04.18"]
[WhiteClock "0:00:44"]
[BlackClock "0:00:57"]

1. d4 c5 2. d5 d6 3. e4 a6 4. a4 g6 5. Nf3 Bg7 6. Be2 e5 7. dxe6 fxe6 8. O-O Ne7 9. Nc3 O-O 10. Be3 Nbc6 11. Qd2 e5 12. Nd5 Nd4 13. Bg5 Nxe2+ 14. Qxe2 Nxd5 15. Bxd8 Nf4 16. Qd2 Rxd8 17. g3 Bg4 18. Ng5 Nh3+ 19. Nxh3 Bxh3 20. Rfd1 Bg4 21. Qd5+ Kh8 22. Rd3 Rd7 23. Rb3 Rb8 24. f3 Bh3 25. Rb6 Rf8 26. Ra3 Rdf7 27. Kf2 Bg4 28. Rxb7 Rxf3+ 29. Rxf3 Rxf3+ 30. Kg2 h5 31. h3 1-0


[Site "https://www.chess.com"]

[Event "Titled Tuesday Blitz April 18 Late 2023"]
[White "Fiorito, Francisco"]
[Black "Hasangatin, Ramil"]
[WhiteFideId "180165"]
[BlackFideId "4122160"]
[WhiteElo "2341"]
[BlackElo "2275"]
[Result "1-0"]
[Round "04"]
[TimeControl "180+2"]
[Date "2023.04.18"]
[WhiteClock "0:00:13"]
[BlackClock "0:00:11"]

1. d4 d6 2. Nf3 Bg4 3. h3 Bxf3 4. exf3 c6 5. c3 g6 6. Bd3 Bg7 7. O-O e6 8. Re1 Ne7 9. Bf4 O-O 10. Nd2 Nd5 11. Bg3 Nb6 12. Ne4 d5 13. Nc5 Qc8 14. h4 N8d7 15. Nb3 c5 16. dxc5 Nxc5 17. h5 Nxd3 18. Qxd3 Nc4 19. hxg6 hxg6 20. Re2 b5 21. Rae1 Re8 22. Kh2 Qb7 23. Nc5 Qc6 24. b4 e5 25. Rd1 Rad8 26. Qc2 a5 27. Qb3 axb4 28. cxb4 Nb6 29. Rc1 d4 30. Nd3 Qd5 31. Rc5 Qxb3 32. axb3 Nd5 33. Bxe5 f6 34. f4 Nc3 35. Re1 fxe5 36. fxe5 Rd5 37. Rc6 Kf7 38. f4 Re7 39. g4 Rd8 40. f5 gxf5 41. gxf5 Ra7 42. f6 Bh6 43. Rf1 Re8 44. Kg3 Nd5 45. Rh1 Rh8 46. Kg4 Nc7 47. Kf5 Nd5 48. e6+ Kg8 49. Rc8+ Kh7 50. Rxh6+ Kxh6 51. Rxh8+ Rh7 52. Rxh7+ Kxh7 53. e7 1-0


[Site "https://www.chess.com"]

[Event "Titled Tuesday Blitz April 18 Late 2023"]
[White "Al-Tarboush, Ward"]
[Black "Oganian, Miran"]
[WhiteFideId "7601450"]
[BlackFideId "4122488"]
[WhiteElo "2265"]
[BlackElo "2323"]
[Result "1-0"]
[Round "04"]
[TimeControl "180+2"]
[Date "2023.04.18"]
[WhiteClock "0:02:23"]
[BlackClock "0:01:34"]

1. e4 e6 2. d4 d5 3. exd5 exd5 4. Bd3 Nc6 5. Nf3 Bd6 6. O-O Nge7 7. c3 Bg4 8. Re1 Qd7 9. Nbd2 O-O-O 10. b4 Ng6 11. Nb3 Rde8 12. Be3 Nh4 13. Be2 Nf5 14. b5 Nd8 15. Nc5 Bxc5 16. dxc5 Nxe3 17. fxe3 Rxe3 18. c6 Qe7 19. Qd4 Kb8 20. Qxg4 Rxe2 21. Rxe2 Qxe2 22. Qxg7 Qe3+ 23. Kh1 Re8 24. h3 b6 25. Re1 Ne6 26. Qxf7 Rf8 27. Qxf8+ 1-0


[Site "https://www.chess.com"]

[Event "Titled Tuesday Blitz April 18 Late 2023"]
[White "Aggelis, Nikolaos"]
[Black "Spata, German"]
[WhiteFideId "4213220"]
[BlackFideId "113026"]
[WhiteElo "2189"]
[BlackElo "2238"]
[Result "1/2-1/2"]
[Round "04"]
[TimeControl "180+2"]
[Date "2023.04.18"]
[WhiteClock "0:00:14"]
[BlackClock "0:00:04"]

1. c4 e6 2. g3 Nf6 3. Bg2 d5 4. Nf3 Be7 5. O-O O-O 6. d3 c6 7. cxd5 exd5 8. Nc3 Bg4 9. h3 Bxf3 10. Bxf3 Re8 11. e4 dxe4 12. dxe4 Nbd7 13. Bg2 Nc5 14. Qc2 Qd3 15. Qxd3 Nxd3 16. Rb1 Nxc1 17. Rfxc1 Rad8 18. Rd1 Bb4 19. Rxd8 Rxd8 20. Rd1 Rxd1+ 21. Nxd1 Kf8 22. f4 Ke7 23. Ne3 Bc5 24. Kf2 Nd7 25. Ke2 Bxe3 26. Kxe3 f6 27. h4 Kd6 28. Bh3 Nb6 29. b3 a5 30. h5 c5 31. Bf5 h6 32. Kd3 a4 33. Kc3 axb3 34. axb3 Kc6 35. Bg6 Nd7 36. Be8 b5 37. b4 c4 38. e5 fxe5 39. fxe5 Kc7 40. e6 Nf6 41. Bxb5 Kd6 42. Bxc4 Nxh5 43. b5 Nxg3 44. b6 Ne4+ 45. Kd4 Nc5 46. Bd5 Na6 47. b7 g5 48. Ke4 h5 49. Kf5 g4 50. Kg5 g3 51. Kxh5 g2 52. Bxg2 Kxe6 53. Kg4 Kd6 54. Kf5 Kc7 55. Ke6 Nc5+ 56. Ke7 Nxb7 1/2-1/2


[Site "https://www.chess.com"]

[Event "Titled Tuesday Blitz April 18 Late 2023"]
[White "Tomaszewski, Kacper"]
[Black "Begmuratov, Alisher"]
[WhiteFideId "1127373"]
[BlackFideId "14203367"]
[WhiteElo "2211"]
[BlackElo "2387"]
[Result "0-1"]
[Round "04"]
[TimeControl "180+2"]
[Date "2023.04.18"]
[WhiteClock "0:00:22"]
[BlackClock "0:00:31"]

1. Nf3 d5 2. d4 Nf6 3. c4 e6 4. Nc3 Nbd7 5. cxd5 exd5 6. Bg5 Be7 7. e3 O-O 8. Bd3 c6 9. Qc2 Re8 10. h3 Nf8 11. Bf4 Ng6 12. Bh2 Bd6 13. O-O-O a5 14. Kb1 b5 15. Rc1 a4 16. Ne2 Bxh2 17. Rxh2 Bd7 18. g4 b4 19. Qd1 a3 20. b3 Rc8 21. Ng3 Qe7 22. Nf5 Bxf5 23. gxf5 Nf8 24. Rg2 c5 25. dxc5 Rxc5 26. Rxc5 Qxc5 27. Qc2 Qd6 28. Nd4 N8d7 29. Bb5 Ne4 30. Bxd7 Qxd7 31. Qc6 Rc8 32. Rxg7+ Kxg7 33. Ne6+ Kg8 0-1


[Site "https://www.chess.com"]

[Event "Titled Tuesday Blitz April 18 Late 2023"]
[White "Djordjevic, Vuk"]
[Black "Bagrationi, Alexander"]
[WhiteFideId "902098"]
[BlackFideId "14104954"]
[WhiteElo "2452"]
[BlackElo "2398"]
[Result "1-0"]
[Round "04"]
[TimeControl "180+2"]
[Date "2023.04.18"]
[WhiteClock "0:00:34"]
[BlackClock "0:00:16"]

1. d4 d6 2. Bg5 h6 3. Bh4 g5 4. Bg3 Bg7 5. c3 Nf6 6. Nd2 Bf5 7. Qb3 Qc8 8. f3 d5 9. Be5 Nc6 10. Bxf6 Bxf6 11. Qxd5 O-O 12. e4 Be6 13. Qb5 Bxd4 14. cxd4 Nxd4 15. Qc5 Rd8 16. Ne2 b6 17. Qc3 c5 18. Nxd4 Rxd4 19. Bc4 Bxc4 20. Nxc4 Qe6 21. Ne3 Rad8 22. Nf5 Rxe4+ 23. fxe4 Qxe4+ 24. Qe3 Qxf5 25. Rf1 Qc2 26. Rf2 Qc4 27. Qe2 Qb4+ 28. Kf1 e6 29. Kg1 Rd7 30. Raf1 Qd4 31. Kh1 c4 32. Qh5 Qxf2 33. Rxf2 1-0


[Site "https://www.chess.com"]

[Event "Titled Tuesday Blitz April 18 Late 2023"]
[White "liwadas82"]
[Black "Riff, Vincent"]
[BlackFideId "617776"]
[WhiteElo "2524"]
[BlackElo "2369"]
[Result "1-0"]
[Round "04"]
[TimeControl "180+2"]
[Date "2023.04.18"]
[WhiteClock "0:01:17"]
[BlackClock "0:01:38"]

1. e4 c5 2. Nf3 Nc6 3. d4 cxd4 4. Nxd4 e5 5. Nb5 d6 6. N1c3 a6 7. Na3 b5 8. Nd5 Nge7 9. c4 Nd4 10. Bd3 Nxd5 11. cxd5 g6 12. O-O Bg7 13. Nc2 Nxc2 14. Qxc2 Bd7 15. Be3 O-O 16. Rfc1 Rc8 17. Qe2 f5 18. f3 fxe4 19. Bxe4 Qh4 20. Rxc8 Rxc8 21. Rc1 Rxc1+ 22. Bxc1 Bh6 23. g3 Qh5 24. Be3 Kg7 25. h4 g5 26. g4 Qxh4 27. Kg2 b4 28. Bf2 Bb5 29. Qe1 1-0


[Site "https://www.chess.com"]